Construct Infanterie Kompanie
Selects Luftwaffe Battlegroup
Selects Luftwaffe Pioneer Support
Fallschirmpioneer Squad Paradrop
Construct Luftwaffe Kompanie
Selects Reconnaissance Run
Selects Fallschirmjäger Squad Paradrop
Fallschirmjäger Squad Paradrop
Marder III M Tank Destroyer
Fallschirmjäger Squad Paradrop
Selects Fragmentation Bombs
Construct Panzergrenadier Kompanie
Selects LG40 Recoilless Gun Paradrop
Nebelwerfer 42 Rocket Launcher Team
Construct Panzer Kompanie
Selects Infantry Reserves
Fallschirmjäger Squad Paradrop
Pak 40 Anti-tank Gun Team
Pak 40 Anti-tank Gun Team